[Event "*** Titled Tuesday Blitz"]
[Site "Chess.com"]
[Date "2019.11.05"]
[Round "2"]
[White "jlucasvf"]
[Black "Kimster98"]
[Result "1-0"]
[WhiteElo "2798"]
[BlackElo "2552"]
[TimeControl "180+2"]
[EndTime "13:25:30 PST"]
[Termination "jlucasvf won by resignation"]

1. e4 e5 2. Qg4 Nf6 3. Qg3 Nxe4 4. Qxe5+ Qe7 5. Qxe7+ Bxe7 6. Nc3 Nxc3 7. dxc3 d5 8.
Bf4 c6 9. Bd3 Be6 10. Nf3 Nd7 11. Nd4 Nc5 12. Nxe6 Nxd3+ 13. cxd3 fxe6 14. d4 O-O 15. Bg3 c5 16. Kd2 cxd4 17. cxd4 Rac8 18. Rhe1 Kf7 19.
Kd3 Rc6 20. Rac1 Rfc8 21. Rxc6 Rxc6 22. Bf4 Bf6 23. f3 Rc4 24. Be3 h5 25. b3 Rc6 26. g4 g6 27. Re2 Rc8 28. Rg2 a6 29. h3 b5 30. Rb2 Be7 31. a4 Bb4 32. axb5 axb5 33. Rc2 Rxc2 34. Kxc2 Kf6 35. Bf4 Kf7 36.
Be5 Ke7 37. Kd3 Kf7 38. Ke3 hxg4 39. fxg4 g5 40. Bc7 Kg6 41. Bd8 Bd6 42. Kd3 Bb4 43. Kc2 Be1 44. Be7 Ba5 45. Bc5 Be1 46. Bb6 Bb4 47. Kb2 Kf6 48. Ka2 Kg6 49. Bc5 Be1 50.
Ka3 Kf6 51. Bb6 Kg6 52. Bd8 Bc3 53. Bb6 Be1 54. Bc5 Bd2 55. Bb4 Bf4 56. Ba5 Bd6+ 57. Kb2 Be7 58. Kc3 Bd6 59. Bb6 b4+ 60. Kd3 e5 61. dxe5 Bxe5 62. Bc5 Bc3 63. Bd4 Be1 64. Be5 Bf2 65. Bd6 Be1 66. Kd4 Kf6 67. Kxd5 Bd2 68. Kc4 Ke6 69. Bxb4 Bf4 70. Kd3 Kd5 71. Bd2 1-0

[Event "*** Titled Tuesday Blitz"]
[Site "Chess.com"]
[Date "2019.11.05"]
[Round "2"]
[White "raswi"]
[Black "Frolik67"]
[Result "1-0"]
[WhiteElo "2224"]
[BlackElo "2566"]
[TimeControl "180+2"]
[EndTime "13:25:30 PST"]
[Termination "raswi won by checkmate"]

1. e4 e6 2. d4 d5 3. Nc3 Nf6 4. Bg5 dxe4 5. Nxe4 Nbd7 6. Nf3 Be7 7. Nxf6+ Nxf6 8. Bd3 O-O 9. O-O c5 10. c3 cxd4 11.
Nxd4 h6 12. Bh4 Nd5 13. Bxe7 Qxe7 14. Qf3 Qg5 15. Rfe1 Rd8 16. Rad1 Bd7 17. Be4 Bc6 18. Nxc6 bxc6 19. b3 Rac8 20. c4 Nf4 21. g3 Ng6 22.
Qe2 c5 23. Kh1 Ne7 24. Rd3 Nf5 25. Bxf5 Qxf5 26. Red1 Rxd3 27. Rxd3 g6 28. Kg2 Rc7 29.
h4 Kh7 30. Qd2 Qe4+ 31. Kh2 Qc6 32. Rd6 Qf3 33. Rd3 Qf6 34. Rd8 e5 35. Kg2 e4 36. Re8 Qf3+ 37. Kg1 Rc6 38. Qd8 Qc3 39. Qe7 Qf6 40. Qxf6 Rxf6 41. Rxe4 Ra6 42. Re5 Kg7 43. Rxc5 Rxa2 44. Rc7 Rb2 45. Rb7 a5 46. Ra7 Rxb3 47. Rxa5 Rc3 48. c5 Kf6 49. Kg2 g5 50. hxg5+ hxg5 51. Rb5 Kf5 52. c6+ Kg4 53. Rb4+ Kh5 54.
Rb7 f5 55. Rc7 Kg4 56. Rc8 Rc2 57. c7 f4 58. gxf4 Rc5 59. fxg5 Rc6 60. g6 Rxg6 61. Rd8 Kf4+ 62. Kf1 Kf3 63. c8=Q Rb6 64.
Qc3+ Kf4 65. Qd4+ Kf3 66. Qe3+ Kg4 67. Rg8+ Kf5 68. Rg5+ Kf6 69. Qe5+ Kf7 70. Rg7+ Kf8 71. Qe7# 1-0

[Event "*** Titled Tuesday Blitz"]
[Site "Chess.com"]
[Date "2019.11.05"]
[Round "2"]
[White "Misha_Bilous"]
[Black "politeplayer"]
[Result "1-0"]
[WhiteElo "2490"]
[BlackElo "2212"]
[TimeControl "180+2"]
[EndTime "13:25:31 PST"]
[Termination "Misha_Bilous won by resignation"]

1. d4 d5 2. c4 e6 3. Nc3 Bb4 4. Nf3 Nf6 5. cxd5 exd5 6. Bg5 Qd6 7. Bxf6 Qxf6 8. e3 O-O 9. Be2 Bf5 10. O-O c6 11. Qb3 Qe7 12. Na4 Bd6 13. Nc5 b6 14. Nd3 Nd7 15. Rac1 Rfc8 16. Rc3 Be4 17. Rfc1 c5 18.
dxc5 Nxc5 19. Qd1 Rd8 20. Nde1 a5 21. g3 h5 22. Nd4 Rac8 23. Nef3 Bxf3 24. Bxf3 Be5 25.
R3c2 h4 26. b3 hxg3 27. hxg3 Qg5 28. Kg2 Rb8 29. a3 Bxd4 30. exd4 Ne6 31. Qd2 Qg6 32. Rc3 Ng5 33. Qd3 Qxd3 34. Rxd3 Nxf3 35. Kxf3 Rbc8 36.
Rdc3 Rxc3+ 37. Rxc3 Rd6 38. Rc7 g6 39. Kf4 Rf6+ 40. Ke5 Rxf2 41. Kxd5 Rf3 42. Kc4 Rxg3 43. d5 b5+ 44. Kxb5 Rxb3+ 45. Kc6 Rxa3 46. d6 Rd3 47. d7 Kg7 48. Rc8 g5 49. d8=Q Rxd8 50. Rxd8 g4 51. Kd5 Kf6 52. Ke4 a4 53. Rg8 1-0

[Event "*** Titled Tuesday Blitz"]
[Site "Chess.com"]
[Date "2019.11.05"]
[Round "2"]
[White "sofaceindisguise"]
[Black "Lestofante90"]
[Result "0-1"]
[WhiteElo "2597"]
[BlackElo "2859"]
[TimeControl "180+2"]
[EndTime "13:25:32 PST"]
[Termination "Lestofante90 won on time"]

1. c4 e5 2. g3 Nf6 3. Bg2 d5 4.
cxd5 Nxd5 5. Nc3 Nb6 6. a3 Be7 7. b4 O-O 8. Bb2 Re8 9. e3 a5 10. bxa5 Nc4 11. Bc1 Rxa5 12. Nge2 Nxa3 13. O-O Nc4 14.
Rxa5 Nxa5 15. Qa4 c6 16. d4 Nd7 17. Bb2 exd4 18. exd4 b5 19. Qc2 Nb6 20. Rd1 b4 21.
Ne4 Bf5 22. Ra1 Nd5 23. Qa4 Nc4 24. Bc1 Qb6 25. Qb3 Na3 26. Bxa3 bxa3 27. Qxb6 Nxb6 28. Nc5 Nc4 29. Bxc6 Rb8 30. Nc3 Bf6 31. Bd5 Bxd4 32. Bxc4 Bxc5 33. Nb5 Ra8 34. Ra2 Bb1 35. Ra1 a2 36. Kg2 Be7 37. Nc3 Bf6 38. Rxa2 Bxa2 39. Nxa2 Bb2 40. Bd5 Ra4 41. Bb3 Rd4 42. Kf3 g6 43.
Ke3 Kg7 44. h4 f5 45. Ke2 Kf6 46. Ke3 h6 47. Ke2 g5 48. hxg5+ Kxg5 49. Ke3 f4+ 50. Kf3 Rd3+ 51. Ke4 Rxb3 52. gxf4+ Kf6 53. Nb4 Rxb4+ 0-1

[Event "*** Titled Tuesday Blitz"]
[Site "Chess.com"]
[Date "2019.11.05"]
[Round "2"]
[White "PotapovaM"]
[Black "isla88"]
[Result "1-0"]
[WhiteElo "2445"]
[BlackElo "2171"]
[TimeControl "180+2"]
[EndTime "13:25:34 PST"]
[Termination "PotapovaM won by resignation"]

1. d4 Nf6 2. c4 e5 3. dxe5 Ng4 4. e3 Nxe5 5. Nh3 Bb4+ 6. Bd2 Bxd2+ 7. Qxd2 O-O 8. Nc3 d6 9. Nf4 Nbc6 10. Be2 Bg4 11.
O-O Bxe2 12. Qxe2 Re8 13. Rad1 Ng6 14. Nxg6 hxg6 15. c5 Re6 16. Rd2 Qf8 17. Nb5 Rc8 18. cxd6 cxd6 19. Rfd1 Rd8 20. a3 a6 21. Nc7 Re5 22. Nd5 Ne7 23. Nb6 Nf5 24. Nc4 Re6 25. b4 b5 26. Na5 Qe8 27. Qf3 Rc8 28. g3 Rc3 29. Rd3 Qc8 30. Qb7 Qxb7 31. Nxb7 Rxd3 32. Rxd3 Kf8 33. g4 Nh6 34. h3 Ke7 35. Rc3 Kd7 36. Na5 Ng8 37. Nc6 Nf6 38. Nb8+ Kd8 39. Nxa6 Nd5 40. Rc6 Kd7 41. Nb8+ Kd8 42. Rc2 Nb6 43.
Nc6+ Kd7 44. Nd4 Re5 45. Kh2 g5 46. Kg3 Rd5 47. Kf3 g6 48. Rc6 Nc4 49. Ra6 Nd2+ 50. Ke2 Nc4 51. Ra7+ Ke8 52. a4 bxa4 53. Rxa4 Ne5 54.
b5 Nd7 55. Ra8+ Ke7 56. Ra7 Kd8 57. Nc6+ Ke8 58. Ra8+ 1-0

[Event "*** Titled Tuesday Blitz"]
[Site "Chess.com"]
[Date "2019.11.05"]
[Round "2"]
[White "Alopekos"]
[Black "Vasily85"]
[Result "1-0"]
[WhiteElo "2473"]
[BlackElo "2188"]
[TimeControl "180+2"]
[EndTime "13:25:35 PST"]
[Termination "Alopekos won by resignation"]

1. e4 c5 2. Nc3 Nc6 3. Nge2 g6 4.
d4 cxd4 5. Nxd4 Bg7 6. Nxc6 bxc6 7. Bc4 d6 8. Qf3 Nf6 9. e5 dxe5 10.
Qxc6+ Bd7 11. Qa6 O-O 12. O-O Qc8 13. Be3 Qxa6 14. Bxa6 Bc8 15. Bc4 Bb7 16. Rfd1 Rfc8 17. Bb3 a6 18. Rd2 Ne4 19. Rd7 Nxc3 20. Rxb7 Ne2+ 21.
Kf1 Nd4 22. Bxd4 exd4 23. Rxe7 Rf8 24. Rae1 Bf6 25. Rb7 Kg7 26. f4 Rab8 27. Rxb8 Rxb8 28. g4 h6 29. Re4 Kf8 30. h4 Re8 31. Rxe8+ Kxe8 32. g5 hxg5 33. hxg5 Bg7 34. Bc4 a5 35. Bd3 Ke7 36. Kg2 Ke6 37. Kf3 Bf8 38. Ke4 Bc5 39.
Bc4+ Kd6 40. Bxf7 a4 41. Bxg6 a3 42. bxa3 Bxa3 43. Kxd4 Bc1 44. Ke4 Ke6 45. a4 Bd2 46. c4 Kd6 47. Be8 Ke6 48. c5 Bb4 49. c6 Kd6 50. Kf5 Bd2 51. g6 Bc3 52. Kg5 Bb2 53. f5 Bc1+ 54. Kf6 Bb2+ 55. Kf7 1-0

[Event "*** Titled Tuesday Blitz"]
[Site "Chess.com"]
[Date "2019.11.05"]
[Round "2"]
[White "Galiev_Azat"]
[Black "Crazy_girl99"]
[Result "0-1"]
[WhiteElo "2213"]
[BlackElo "2499"]
[TimeControl "180+2"]
[EndTime "13:25:39 PST"]
[Termination "Crazy_girl99 won by resignation"]

1. d4 e6 2. Bf4 b6 3. e3 Bb7 4. Nf3 Nf6 5. Nbd2 Be7 6. Bd3 d5 7. Ne5 a6 8. c3 c5 9. Qf3 Nc6 10. Rc1 Rc8 11. O-O O-O 12. Qh3 b5 13. g4 g6 14.
Ndf3 Ne4 15. Nxc6 Bxc6 16. Ne5 Bb7 17. f3 Nd6 18. Qh6 Qe8 19. h4 c4 20. Bc2 Bf6 21. Nxg6 fxg6 22. Bxd6 Bg7 23. Qg5 Bf6 24. Qh6 Bg7 25.
Qg5 Bf6 26. Qf4 Rf7 27. Qg3 Qd8 28. g5 Bg7 29. Be5 Qf8 30. Bxg7 Qxg7 31. f4 Rcf8 32. Qg4 Bc8 33. Qg3 a5 34. a3 Bd7 35. h5 gxh5 36. Qh4 e5 37. dxe5 Bg4 38. Rf2 Rd7 39. Rcf1 Qe7 40. Qg3 b4 41. axb4 axb4 42. e4 dxe4 43.
Bxe4 b3 44. Bf3 Rd3 45. Qg2 Bf5 46. Be4 Bh3 47. Bd5+ Kh8 48. Qe4 Bxf1 49. Kxf1 Qd7 50.
Bxc4 Rd1+ 51. Kg2 Qg4+ 52. Kh2 Qg1+ 53. Kh3 Qxf2 54. e6 Re1 55. e7 Re3+ 56. Qxe3 Qxe3+ 57. Kg2 Rxf4 58. e8=Q+ Qxe8 59. g6 Qxg6+ 0-1

[Event "*** Titled Tuesday Blitz"]
[Site "Chess.com"]
[Date "2019.11.05"]
[Round "2"]
[White "HarutyunianTigranK"]
[Black "Pilopa"]
[Result "1-0"]
[WhiteElo "2816"]
[BlackElo "2560"]
[TimeControl "180+2"]
[EndTime "13:25:42 PST"]
[Termination "HarutyunianTigranK won by checkmate"]

1. c4 Nc6 2. Nc3 e5 3. Nf3 Bb4 4. Nd5 Bd6 5. d3 h6 6. g3 Nf6 7. Bg2 Nxd5 8. cxd5 Ne7 9. Qb3 O-O 10. O-O c6 11. e4 cxd5 12. exd5 Ng6 13. Re1 Bc5 14. Be3 Bxe3 15. Rxe3 d6 16. d4 exd4 17. Nxd4 Qf6 18. Nb5 Bd7 19. Nc3 Bf5 20. Rf3 Ne5 21. Rf4 Ng6 22. Rc4 Rae8 23. Qxb7 Bd3 24. Rc7 Rb8 25. Qxa7 Rxb2 26. Rd1 Ne5 27. f4 Ng4 28. Rxd3 Re8 29.
Be4 Nf2 30. Qxf2 Rxf2 31. Kxf2 g5 32. f5 g4 33. Rc4 h5 34. Bg2 Qg5 35. Rf4 Qf6 36.
Ne4 Qb2+ 37. Rd2 Qb6+ 38. Kf1 Rc8 39. Rff2 Rc1+ 40. Ke2 Qb5+ 41. Ke3 Re1+ 42. Kf4 Qb8 43. Rde2 Rc1 44. Nf6+ Kg7 45. Nxh5+ Kh6 46. Nf6 Rc4+ 47. Re4 Rc3 48. Nxg4+ Kg7 49. f6+ Kg6 50. Re7 Qb4+ 51. Be4+ Kh5 52. Rxf7 Rf3+ 53. Rxf3 Qd2+ 54. Ne3 Kh6 55.
Rh7# 1-0

[Event "*** Titled Tuesday Blitz"]
[Site "Chess.com"]
[Date "2019.11.05"]
[Round "2"]
[White "chito89"]
[Black "ural58"]
[Result "1-0"]
[WhiteElo "2742"]
[BlackElo "2387"]
[TimeControl "180+2"]
[EndTime "13:25:43 PST"]
[Termination "chito89 won on time"]

1. e4 d5 2. exd5 Qxd5 3. Nc3 Qa5 4. d4 Nf6 5. Bc4 Bg4 6. f3 Be6 7. Bxe6 fxe6 8. Ne2 Nc6 9. O-O O-O-O 10. Qe1 h6 11.
Be3 g5 12. Rd1 Bg7 13. Bf2 Nd5 14. a3 Rhf8 15. Ne4 Qxe1 16. Rfxe1 b6 17. c3 a5 18. a4 Kb7 19. h4 Bf6 20. hxg5 Bxg5 21. N2g3 Bf4 22. Nh5 Rg8 23. g3 Bd6 24. Nxd6+ Rxd6 25. Kg2 Nd8 26. g4 Nf6 27. Bg3 Nxh5 28. Bxd6 exd6 29.
Rh1 Nf4+ 30. Kg3 e5 31. dxe5 dxe5 32. Rxh6 Nc6 33. Rd7 Ne2+ 34. Kf2 Nf4 35. Ke3 Rf8 36. Ke4 Ne2 37. Rhh7 Rc8 38. g5 Ng3+ 39. Kd5 Nb8 40. Rdf7 Nc6 41. g6 Rd8+ 42. Ke6 Rc8 43. Kf6 e4 44.
Rh3 Ne2 45. fxe4 Nf4 46. Rhh7 Nd8 47. Rf8 Nde6 48. Rxc8 Kxc8 49. Re7 Nd8 50. Kf5 Nh5 51. Rh7 Ng3+ 52. Ke5 Nc6+ 53. Kf4 Ne2+ 54. Ke3 Ng3 55. Rh3 Nf1+ 56. Ke2 1-0

[Event "*** Titled Tuesday Blitz"]
[Site "Chess.com"]
[Date "2019.11.05"]
[Round "2"]
[White "xamax2000"]
[Black "AryanTari"]
[Result "0-1"]
[WhiteElo "2583"]
[BlackElo "2844"]
[TimeControl "180+2"]
[EndTime "13:25:45 PST"]
[Termination "AryanTari won by resignation"]

1. e4 c5 2. Nf3 Nc6 3. d4 cxd4 4. Nxd4 Nf6 5. Nc3 e5 6. Ndb5 d6 7. Nd5 Nxd5 8. exd5 Nb8 9. a4 Be7 10. Be2 O-O 11. O-O Nd7 12. Bd2 a6 13. Na3 f5 14.
a5 Nc5 15. Nc4 f4 16. Nb6 Rb8 17. Nxc8 Rxc8 18. Bg4 Rc7 19. Re1 Bf6 20. b4 Nd7 21.
Ra3 Kh8 22. Rh3 h6 23. c3 Bg5 24. Be6 Nf6 25. Qc2 e4 26. c4 Qe8 27. Bc1 Qb5 28.
Rc3 Qe8 29. c5 Qh5 30. Rh3 Qg6 31. Bb2 Nd7 32. Bd4 Bf6 33. Bxf6 Nxf6 34. Rc3 Qg5 35. cxd6 Rxc3 36. Qxc3 e3 37. f3 Nxd5 38. Qd4 Nf6 39. d7 Rd8 40. g3 fxg3 41. h4 Qb5 42. Rxe3 Nxd7 43. Rd3 Qc6 44. Bxd7 Qc2 45. Rd2 Qg6 46.
Kg2 Rf8 47. Bg4 h5 48. Bh3 Qf7 49. Qe4 Re8 50. Qd3 Qf4 51. Bf5 Qxh4 52. Bh3 Qf4 53.
Re2 Rf8 54. Re4 Qc7 55. Rd4 Qe5 56. Rd8 Qb2+ 57. Kxg3 Qe5+ 58. Kg2 Qg5+ 59. Bg4 Rxd8 0-1

[Event "*** Titled Tuesday Blitz"]
[Site "Chess.com"]
[Date "2019.11.05"]
[Round "2"]
[White "Shahinyan_ChessMood"]
[Black "adricalderon8"]
[Result "1-0"]
[WhiteElo "2636"]
[BlackElo "2351"]
[TimeControl "180+2"]
[EndTime "13:25:54 PST"]
[Termination "Shahinyan_ChessMood won by resignation"]

1. e4 c5 2. Nc3 g6 3. d4 cxd4 4. Qxd4 Nf6 5. Nf3 Nc6 6. Qa4 Bg7 7. e5 Ng8 8. Bf4 Nh6 9. O-O-O O-O 10. h3 a6 11. g4 Rb8 12. Qe4 Qa5 13. Qe3 b5 14. Bxh6 b4 15. Nb1 Qxa2 16. h4 b3 17. c3 Bb7 18. h5 Nb4 19. Bxg7 Qa1 20. cxb4 Rfc8+ 21. Kd2 Qxb2+ 22. Ke1 Bxf3 23. Qxf3 Kxg7 24. hxg6 hxg6 25. Qe3 Rh8 26. Rxh8 Rxh8 27. Nd2 Rb8 28. Qxb3 Qxe5+ 29. Be2 Qf4 30. Qc3+ Kg8 31. Nc4 d6 32. Ne3 Qxb4 33.
Qxb4 Rxb4 34. Nd5 Re4 35. f3 Re5 36. Kf2 a5 37. f4 Re6 38. g5 Kg7 39. Bg4 Re4 40.
Bf3 Rc4 41. Kg3 e6 42. Nf6 d5 43. Rh1 Kf8 44. Rh8+ Ke7 45. Ra8 a4 46. Ra7+ Kd6 47. Rxf7 a3 48. Ra7 Rc3 49. Kg4 Kc5 50. Nd7+ Kd4 51.
Ne5 Ke3 52. Nxg6 d4 53. Ne5 d3 54. g6 d2 55. g7 Kf2 56. Rd7 Rc1 57. Rxd2+ Ke3 58.
Re2+ Kd4 59. g8=Q 1-0

[Event "*** Titled Tuesday Blitz"]
[Site "Chess.com"]
[Date "2019.11.05"]
[Round "2"]
[White "TomsKantans"]
[Black "Msb2"]
[Result "1-0"]
[WhiteElo "2604"]
[BlackElo "2838"]
[TimeControl "180+2"]
[EndTime "13:25:55 PST"]
[Termination "TomsKantans won by resignation"]

1. e4 c6 2. d4 d5 3. Nc3 dxe4 4. Nxe4 Nf6 5. Nxf6+ exf6 6. c3 Bf5 7. Bd3 Bxd3 8. Qxd3 Na6 9. Nf3 Nc5 10. Qe2+ Ne6 11. O-O Bd6 12. a4 O-O 13. b4 Qc7 14. h3 h6 15. Qc4 a6 16. Bd2 Ng5 17. Nxg5 fxg5 18.
Rfe1 Kh8 19. Re2 Qd7 20. Qd3 g4 21. h4 Qd8 22. g3 f5 23. Re6 f4 24. Qg6 Rf6 25.
Rxf6 Qxf6 26. Qxf6 gxf6 27. gxf4 Re8 28. Kf1 f5 29. b5 Re4 30. bxa6 bxa6 31. Rb1 Bxf4 32. Be1 c5 33. Rb6 cxd4 34. cxd4 Kh7 35. Bc3 a5 36. h5 Bh2 37. Rb5 f4 38. Re5 Rxe5 39. dxe5 f3 40.
e6 Kg8 41. Bxa5 Bd6 42. Bd8 Kf8 43. a5 Ke8 44. Bb6 Ke7 45. a6 Bb8 46. a7 Bxa7 47. Bxa7 Kxe6 48. Be3 g3 49. fxg3 Kf5 50. Bxh6 Kg4 51.
Kf2 Kxh5 52. Bf4 Kg4 53. Bb8 Kh3 54. Kxf3 Kh2 55. g4+ Kh3 56. g5 Kh4 57. g6 1-0

[Event "*** Titled Tuesday Blitz"]
[Site "Chess.com"]
[Date "2019.11.05"]
[Round "2"]
[White "Azatic"]
[Black "MathiasWomacka"]
[Result "1-0"]
[WhiteElo "2637"]
[BlackElo "2304"]
[TimeControl "180+2"]
[EndTime "13:25:55 PST"]
[Termination "Azatic won by resignation"]

1. e4 c5 2. Nf3 d6 3. d4 cxd4 4. Nxd4 Nf6 5. Nc3 a6 6. Be3 e5 7. Nb3 Be6 8. Qd2 Nbd7 9. O-O-O Be7 10. f3 O-O 11. g4 Qc7 12. Kb1 b5 13. g5 Nh5 14.
Nd5 Bxd5 15. exd5 Nb6 16. Na5 Nxd5 17. Qxd5 Qxa5 18. Bd3 Qb4 19. Rhg1 g6 20. Rg4 Nf4 21. Bxf4 exf4 22. h4 Rfe8 23. h5 Qc5 24. Qb3 d5 25. hxg6 hxg6 26. a3 Rad8 27. Rh1 Bf8 28. Rxf4 Bg7 29.
Rfh4 Re3 30. f4 Rde8 31. Ka2 Re1 32. f5 Rxh1 33. Rxh1 gxf5 34. Kb1 f4 35. Bh7+ Kf8 36. Qf3 Qd4 37. c3 Qd2 38. Rd1 Re1 39. Rxe1 Qxe1+ 40. Ka2 Qd2 41. Qg4 Qe3 42. Qc8+ Qe8 43. Qxa6 f3 44.
Qd6+ Qe7 45. Qb8+ Qe8 46. Qd6+ Qe7 47. Qxd5 Qe6 48. Qxe6 fxe6 49. Bd3 Ke7 50. Kb3 Kd6 51. Bxb5 e5 52. Bd3 Kd5 53. Kc2 e4 54. Bf1 e3 55.
Kd3 e2 56. Bxe2 fxe2 57. Kxe2 Kc4 58. Ke3 Kb3 59. g6 Kxb2 60. c4 Kc3 61. c5 1-0

[Event "*** Titled Tuesday Blitz"]
[Site "Chess.com"]
[Date "2019.11.05"]
[Round "2"]
[White "anesar92"]
[Black "1995Tiger"]
[Result "1/2-1/2"]
[WhiteElo "2674"]
[BlackElo "2066"]
[TimeControl "180+2"]
[EndTime "13:25:56 PST"]
[Termination "Game drawn by agreement"]

1. e4 c5 2. Nf3 Nc6 3. Bb5 g6 4. c3 Bg7 5. d4 Qa5 6. a4 cxd4 7.
O-O Nf6 8. e5 Nd5 9. cxd4 O-O 10.
Bd2 Qd8 11. Nc3 Nxc3 12. bxc3 d6 13. exd6 Qxd6 14. Re1 Bf5 15. h3 Rac8 16. Qe2 Be6 17. Bd3 Bd5 18. Ng5 e6 19. Rab1 Na5 20. Ne4 Bxe4 21. Qxe4 b6 22. h4 h5 23. Rb5 Nc4 24. Bf4 Qc6 25. Qe2 Nd6 26. Bxd6 Qxd6 27. Rb3 Qd5 28. Reb1 Rc7 29. Be4 Qd6 30. g3 Rfc8 31. Qd3 e5 32. dxe5 Qxe5 33. c4 Rxc4 34. Bg2 Rxa4 35. Rb5 Qd4 36. Qb3 Ra1 37. Rxa1 Qxa1+ 38. Kh2 Qd4 39. Qf3 Rc3 40. Qe2 Rc8 41. Rd5 Qb2 42. Qf3 Qf6 43. Qe2 Rd8 44. Rxd8+ Qxd8 45. Qb5 Bd4 46. Qe2 Qf6 47. f4 Kg7 48. Bd5 Qd6 49. Qe4 Bc5 50. f5 Qe7 51. Qf3 Qf6 52. Be4 Qb2+ 53.
Kh3 Bg1 54. Qg2 Qxg2+ 55. Kxg2 Bc5 56. Kf3 Kf6 57. fxg6 fxg6 58. g4 a5 59. gxh5 gxh5 60. Bc6 Bb4 61. Be8 Ke5 62. Ke2 Kd4 63. Kd1 Kc3 64. Kc1 Be7 65. Kb1 Bxh4 66. Bxh5 b5 67.
Ka2 b4 68. Bd1 Kc4 69. Be2+ Kc5 70. Kb3 Kb6 71. Bh5 Be7 72. Be8 Bd6 73. Ba4 Bc5 74.
Be8 Bd6 75. Ba4 Bc5 1/2-1/2

[Event "*** Titled Tuesday Blitz"]
[Site "Chess.com"]
[Date "2019.11.05"]
[Round "2"]
[White "GMOratovsky"]
[Black "MFBerna"]
[Result "0-1"]
[WhiteElo "2511"]
[BlackElo "2314"]
[TimeControl "180+2"]
[EndTime "13:26:09 PST"]
[Termination "MFBerna won by resignation"]

1. e4 c6 2. d4 d5 3. Nd2 dxe4 4.
Nxe4 Nf6 5. Nxf6+ exf6 6. c3 Bd6 7. Bd3 O-O 8. Qc2 h6 9. Ne2 Qc7 10. Bd2 Nd7 11. O-O-O c5 12. h4 cxd4 13. Nxd4 Bf4 14. Nf5 Bxd2+ 15. Qxd2 Ne5 16. Bc2 Bxf5 17. Bxf5 Rfd8 18.
Qc2 b5 19. Rxd8+ Rxd8 20. Rd1 Rxd1+ 21. Qxd1 g6 22. Bc2 Nc4 23. Qd5 Qf4+ 24. Kb1 Qxf2 25.
a3 Ne3 26. Qd3 Nxc2 27. Qxc2 Qxh4 28. Qe2 h5 29. Qxb5 Qh1+ 30. Ka2 Qxg2 31. c4 h4 32. c5 h3 33. c6 h2 34. c7 h1=Q 35. c8=Q+ Kg7 36. Qcd7 Qe4 37. Qdd3 Qxd3 38. Qxd3 g5 39. Qd4 Qf3 40. Qxa7 g4 41. a4 g3 42. a5 Qf2 43. Qd7 g2 44. Qg4+ Kh6 45. Qh3+ Kg5 46. Qh7 g1=Q 47. Qg7+ Kf5 48. Qh7+ Ke5 49. Qh5+ Ke6 50.
Qh3+ Qf5 51. Qc3 Qd5+ 52. b3 Qf2+ 53. Ka3 Qfc5+ 54. Qxc5 Qxc5+ 55. b4 Qc1+ 56. Ka4 f5 57. a6 Qa1+ 58. Kb5 f4 59. Kb6 f3 60. a7 f2 61. Kb7 f1=Q 62. a8=Q Qb5+ 63. Kc8 Qxa8+ 0-1

[Event "*** Titled Tuesday Blitz"]
[Site "Chess.com"]
[Date "2019.11.05"]
[Round "2"]
[White "JSPrepz"]
[Black "vovachesss"]
[Result "1-0"]
[WhiteElo "2827"]
[BlackElo "2566"]
[TimeControl "180+2"]
[EndTime "13:26:22 PST"]
[Termination "JSPrepz won by resignation"]

1. e4 c5 2. Nf3 Nc6 3. b4 Nxb4 4.
c3 Nc6 5. d4 cxd4 6. cxd4 d6 7.
Nc3 g6 8. Rb1 Bg7 9. h4 h5 10.
Be3 Nf6 11. Bc4 O-O 12. O-O Ng4 13. Bg5 Qa5 14. Nd5 e5 15. Ne7+ Nxe7 16. Bxe7 Re8 17. Bxd6 exd4 18. Ng5 Be6 19. Bxe6 fxe6 20. Qf3 Rf8 21.
Bxf8 Rxf8 22. Qb3 Qe5 23. Qxe6+ Qxe6 24. Nxe6 Rf7 25. Nxg7 Kxg7 26. Rfd1 Rd7 27. Rb5 Nf6 28. e5 Ne4 29. e6 Re7 30. Re5 Nd6 31. Rxd4 Kf6 32.
Re2 Rxe6 33. Rf4+ Nf5 34. Rxe6+ Kxe6 35. Ra4 a6 36. Rb4 b5 37. a4 Nd6 38. axb5 axb5 39. Kf1 Kd5 40. Rf4 Nc4 41. Ke2 b4 42. Kd3 Ne5+ 43.
Kc2 Kc5 44. Rf6 Kc4 45. Rf4+ Kc5 46. Kb3 Nd3 47. Rf6 Ne5 48. f4 Nd3 49. g3 Kd4 50.
Rxg6 Ke4 51. Re6+ Kf5 52. Rd6 Nc1+ 53. Kxb4 Ne2 54. Rd5+ Kg4 55. Rg5+ Kf3 56. f5 Nd4 57. f6 Ne6 58. f7 Ke4 59. Rg8 Kf3 60. f8=Q+ Nxf8 61. Rxf8+ Kxg3 62. Kc3 Kxh4 63. Kd3 Kg3 64. Rg8+ Kf3 65.
Rh8 Kg4 66. Ke3 h4 67. Kf2 Kh3 68. Kg1 Kg3 69. Kh1 Kh3 70. Rh7 Kg3 71. Ra7 Kh3 72.
Ra3+ Kg4 73. Kh2 1-0

[Event "*** Titled Tuesday Blitz"]
[Site "Chess.com"]
[Date "2019.11.05"]
[Round "2"]
[White "enriquetejedor"]
[Black "Vuk2000"]
[Result "0-1"]
[WhiteElo "2545"]
[BlackElo "2792"]
[TimeControl "180+2"]
[EndTime "13:26:28 PST"]
[Termination "Vuk2000 won by resignation"]

1. d4 e6 2. e4 d5 3. Nc3 Bb4 4. e5 c5 5. a3 Bxc3+ 6. bxc3 Ne7 7. Qg4 Qc7 8. Qxg7 Rg8 9. Qxh7 cxd4 10. Ne2 Nbc6 11. f4 Bd7 12. Qd3 dxc3 13. h4 Nf5 14. h5 O-O-O 15. h6 Rg6 16. h7 Rh8 17. Nxc3 Rg3 18.
Qd2 Nxe5 19. fxe5 Rxc3 20. Bd3 Qxe5+ 21. Qe2 Qxe2+ 22. Bxe2 Rxc2 23. Bd3 Rxg2 24. Bxf5 exf5 25. Bf4 Rg7 26. O-O-O Rhxh7 27. Rxh7 Rxh7 28. Rxd5 b6 29. Rd3 Bc6 30. Rc3 Kb7 31. Re3 Be4 32. Rg3 a5 33. Rg8 Rh3 34. Kb2 Rf3 35. Rb8+ Kc6 36. Rc8+ Kb5 37.
Bc7 Bd5 38. Rb8 Kc6 39. Bd8 Rb3+ 40. Kc2 Rxa3 41. Rxb6+ Kd7 42. Bg5 a4 43. Bf4 Rf3 44. Be5 Bb3+ 45. Kb2 Re3 46. Bf4 Re4 47. Bc1 Re2+ 48.
Ka3 Rc2 49. Be3 Rc6 50. Rb5 Ke6 51. Bd4 Rc4 52. Bb2 f4 53. Re5+ Kd7 54. Rf5 Re4 55. Rf6 Ke7 56. Rf5 Ke6 57. Rf6+ Ke7 58. Rf5 Be6 59. Ra5 f3 60. Ra7+ Kd6 61. Ra6+ Kd7 62. Ra7+ Kc6 63. Ra6+ Kb5 64. Rd6 Re3+ 65. Bc3 Rxc3+ 66.
Kb2 Rb3+ 67. Ka2 Rd3+ 68. Kb2 a3+ 69. Kc1 Rxd6 0-1

[Event "*** Titled Tuesday Blitz"]
[Site "Chess.com"]
[Date "2019.11.05"]
[Round "2"]
[White "DinaBelenkaya"]
[Black "SerGo055"]
[Result "1/2-1/2"]
[WhiteElo "2302"]
[BlackElo "2517"]
[TimeControl "180+2"]
[EndTime "13:26:48 PST"]
[Termination "Game drawn - insufficient material"]

1. e4 d5 2. exd5 Qxd5 3. Nf3 Nf6 4. Be2 e5 5. Nc3 Qa5 6. O-O e4 7. Nd4 Qe5 8. Ndb5 a6 9. d4 Qe7 10. Na3 b5 11. Re1 Bb7 12. Bg5 Nbd7 13. Bf3 Qe6 14.
Nxe4 Nxe4 15. Bxe4 Bxe4 16. f3 Nf6 17. Bxf6 Qxf6 18.
Rxe4+ Kd7 19. Qd3 Bd6 20. Rae1 Qh6 21. g3 Rhe8 22. c4 Bxa3 23. bxa3 Rxe4 24. Qxe4 Rd8 25. Qf5+ Kc6 26. cxb5+ axb5 27. Qc5+ Kb7 28. Qxb5+ Qb6 29. Qxb6+ Kxb6 30. Re7 Rxd4 31. Rxf7 c5 32. Rxg7 c4 33. Rg8 Kb7 34. Rg7+ Kb6 35. a4 c3 36. a5+ Kb5 37. Rb7+ Kxa5 38. Rc7 Kb4 39. Kf2 Rd2+ 40. Ke3 Rxa2 41. Rxh7 Kb3 42. Rb7+ Kc2 43. h4 Kd1 44. Rd7+ Rd2 45. Rc7 c2 46. g4 Rh2 47. h5 c1=Q+ 48. Rxc1+ Kxc1 49. f4 Rh4 50. Kf3 Kd2 51. f5 Rh1 52. Kf4 Kd3 53. f6 Kd4 54. Kf5 Kd5 55. f7 Rf1+ 56. Kg6 Ke6 57. g5 Rxf7 58. h6 Rf8 59. Kg7 Rc8 60. g6 Rc7+ 61. Kg8 Kf6 62. g7 Kg6 63. Kh8 Rc8+ 64. g8=Q+ Rxg8+ 65. Kxg8 Kxh6 1/2-1/2

[Event "*** Titled Tuesday Blitz"]
[Site "Chess.com"]
[Date "2019.11.05"]
[Round "2"]
[White "FelixJoseYnojosa"]
[Black "GM_dmitrij"]
[Result "1/2-1/2"]
[WhiteElo "2630"]
[BlackElo "2927"]
[TimeControl "180+2"]
[EndTime "13:26:59 PST"]
[Termination "Game drawn - insufficient material"]

1. c4 e5 2. Nc3 Bb4 3. e3 Bxc3 4. bxc3 d6 5. d4 Nc6 6. Ne2 f5 7. Ng3 Nf6 8. Be2 O-O 9. O-O Qe8 10. f4 e4 11. d5 Na5 12. c5 dxc5 13. c4 b6 14. Bb2 Nb7 15. Qc2 Nd6 16. Nh1 Bd7 17.
Nf2 b5 18. cxb5 Bxb5 19. Bxf6 Rxf6 20. Rac1 Bxe2 21. Qxe2 c4 22. g4 Qb5 23. Rfd1 Qc5 24.
Rd4 Rb8 25. gxf5 Nxf5 26. Qxc4 Qxc4 27. Rdxc4 Nxe3 28. Rxc7 Nxd5 29. Rxa7 e3 30. Nd3 Nxf4 31. Nxf4 Rxf4 32. Re7 Rf2 33. a3 h6 34. Rxe3 Rbb2 35.
h3 Rg2+ 36. Kh1 Rh2+ 37. Kg1 Rbg2+ 38. Kf1 Ra2 39. Kg1 Kh7 40. Rg3 g5 41. Rc7+ Kg6 42.
Rc1 Kh5 43. Rb3 Rhd2 44. Re1 Rg2+ 45. Kh1 Rh2+ 46. Kg1 Rhg2+ 47. Kh1 Rgc2 48. Rd1 Rc4 49. Kg1 Kh4 50. Kh1 Ra4 51. Rdd3 Kh5 52. Kg1 Rf4 53. Rd1 Rff2 54. Kh1 Rfe2 55. Kg1 Rac2 56. Ra1 Rg2+ 57. Kh1 Rh2+ 58. Kg1 Rhg2+ 59. Kh1 Ra2 60.
Rc1 Rge2 61. Rd1 Re4 62. Rc1 Kh4 63. Rd1 h5 64. Kg1 Ra4 65. Rdd3 Rc4 66. Rd1 Re4 67.
Rc1 g4 68. hxg4 hxg4 69. Rd1 g3 70. Rc1 Kh3 71. Rb8 Ree2 72. Rh8+ Kg4 73. Rg8+ Kf4 74.
Rf8+ Kg4 75. Rg8+ Kf3 76. Rf8+ Ke3 77. Re8+ Kf3 78. Rxe2 Kxe2 79. Kg2 Kd2 80. Rc7 Rxa3 81. Rg7 Ke2 82. Rxg3 Rxg3+ 83. Kxg3 1/2-1/2